 Dungeon Crawl Stone Soup version 0.27-a0-1154-gfdeffcb720 (webtiles) character file.

Game seed: 1335786178347255235

24488 Azzok the Severer (level 12, -2/81 HPs)
             Began as a Demonspawn Berserker on May 14, 2021.
             Was a High Priest of Trog.
             Shot with an arrow by a centaur warrior (16 damage)
             ... on level 13 of the Dungeon.
             The game lasted 00:19:48 (15956 turns).

Azzok the Severer (Demonspawn Berserker)           Turns: 15956, Time: 00:19:49

Health: -2/81      AC: 24    Str: 21    XL:     12   Next: 81%
Magic:  12/12      EV: 10    Int:  9    God:    Trog [*****.]
Gold:   935        SH:  5    Dex: 14    Spells: 11/11 levels left

rFire    . . .     SeeInvis .   J - +3 broad axe
rCold    + . .     Faith    .   E - +0 buckler
rNeg     . . .     Spirit   .   g - +0 plate armour {rC+}
rPois    .         Reflect  .   p - +2 hat
rElec    .         Harm     .   (no cloak)
rCorr    .         Rampage  .   b - +0 pair of gloves
Will     .....                  I - +1 pair of boots
Stlth    ..........             (no amulet)
HPRegen  0.23/turn              y - +4 ring of evasion
MPRegen  0.13/turn              (no ring)

@: sanguine armoured
A: horns 2, powered by death 2, spiny 1, sanguine armour 2
a: Renounce Religion, Berserk, Trog's Hand, Brothers in Arms


You were on level 13 of the Dungeon.
You worshipped Trog.
Trog was extremely pleased with you.
You visited 1 branch of the dungeon, and saw 13 of its levels.
You visited the Abyss 1 time.
You also visited: Sewer.

You collected 935 gold pieces.

Inventory:

Hand Weapons
 i - a +0 dagger of venom
 v - a +1 whip of electrocution
 J - a +3 broad axe (weapon)
 L - a +3 mace of protection
Missiles
 F - a throwing net
 G - 5 curare-tipped darts
Armour
 b - a +0 pair of gloves (worn)
 g - a +0 plate armour of cold resistance (worn)
 p - a +2 hat (worn)
 E - a +0 buckler (worn)
 I - a +1 pair of boots (worn)
Jewellery
 y - a +4 ring of evasion (left hand)
Wands
 t - a wand of iceblast (23)
 A - a wand of digging (8)
 H - a wand of polymorph (20)
 K - a wand of mindburst (10)
Scrolls
 c - 10 scrolls of teleportation
 e - 3 scrolls of immolation
 j - a scroll of acquirement {unknown}
 k - 2 scrolls of blinking {unknown}
 m - a scroll of vulnerability {unknown}
 n - 3 scrolls of magic mapping {unknown}
 s - 3 scrolls of amnesia
 w - a scroll of identify
 x - a scroll of fear {unknown}
 z - 2 scrolls of torment
 B - 4 scrolls of fog
 M - a scroll of enchant weapon
Potions
 a - 4 potions of heal wounds
 d - 3 potions of haste
 f - 2 potions of magic
 h - 3 potions of flight
 l - a potion of lignification
 o - 7 potions of curing
 q - 2 potions of might
 r - a potion of attraction
 u - 7 potions of brilliance
 C - a potion of invisibility
 D - 2 potions of cancellation


   Skills:
 - Level 3.0 Fighting
 + Level 18.2 Axes
 - Level 1.7 Armour
 - Level 1.7 Dodging
 - Level 4.0 Shields


You had 11 spell levels left.
You didn't know any spells.
Your spell library was empty.

Dungeon Overview and Level Annotations

Branches:
Dungeon (13/15)            Temple (0/1) D:4            Lair (0/6) D:9
    Orc (0/2) D:9           Sewer (visited)
 Vaults: D:13-14

Altars:
Elyvilon
Gozag
Kikubaaqudgha
Uskayaw

Annotations:
D:4 1 runed translucent door, st0uf's ghost, amateur DrTm
D:10 3 runed translucent doors
D:13 Urug


Innate Abilities, Weirdness & Mutations

You have a pair of horns on your head.
You regenerate health from kills.
You are partially covered in sharp spines.
When seriously injured, your bleeding wounds create thick armour. (AC +9)


Message History

The freezing wraith is almost destroyed.
The freezing wraith is struck by your spines.
You destroy the freezing wraith!
Trog accepts your kill.
You feel a strong urge to attack something.
You feel your anger nearly subside.
You are no longer berserk.
Trog's vigour flows through your veins.
You are exhausted.
You feel as though you will be slow longer.
You recover from your berserk rage.
Your blood armour dries and flakes away.
You feel yourself speed up.
A death knight is nearby!
The death knight shouts!
You hear a shout! x2
Urug the Orcish Ballista comes into view.
She is wielding a +3 demon trident and wearing a +2 scale mail of cold resistance.
Urug shouts!
A centaur warrior comes into view.
The centaur warrior wields a +0 longbow.
The centaur warrior shoots an arrow.
The arrow hits you!
The centaur warrior shoots an arrow.
The arrow completely misses you.
Urug throws a javelin.
The javelin pierces through you!!
Your blood congeals into armour.
The death knight invokes the aid of Yredelemnul against you.
Your body is wracked with pain!
* * * LOW HITPOINT WARNING * * *
The death knight mumbles some strange prayers to Yredelemnul against you.
You struggle to resist.
The death knight invokes the aid of Yredelemnul against you.
Your body is wracked with pain!
* * * LOW HITPOINT WARNING * * *
The centaur warrior shoots an arrow.
The arrow hits you but does no damage.
The centaur warrior shoots an arrow.
You block the arrow.
The centaur warrior shoots an arrow.
The arrow barely misses you.
The centaur warrior shoots an arrow.
You block the arrow.
The centaur warrior shoots an arrow.
The arrow barely misses you.
The centaur warrior shoots an arrow.
The arrow hits you.
* * * LOW HITPOINT WARNING * * *
The centaur warrior shoots an arrow.
The arrow hits you but does no damage.
The centaur warrior shoots an arrow.
The arrow hits you!
You die...

···▒ ▒···············▒▒▒▒·▒·▒·▒▒
···▒ ▒···············▒ ▒·▒·▒·▒▒
···▒▒▒▒···············▒ ▒·▒·▒·▒▒
······'···············▒ ▒·▒·▒·▒▒
▒▒·▒▒▒▒···············▒▒ ▒·▒·▒·▒▒
······)··········▒▒▒···▒▒▒·▒·▒·▒▒
·[····▒····················▒·▒·▒▒
······╬)···▒▒▒▒▒········(··▒·▒·▒▒
······▒▒···▒ ▒@▒▒▒····▒··▒·▒·▒▒
·······▒▒▒▒▒ ▒·▒▒▒····▒··▒ ▒·▒
·······▒ ▒·▒·'·······▒ ▒·▒
·······▒ ▒·▒·▒·····▒·▒ ▒·▒
······▒▒ ▒·▒·▒···▒·▒·▒ ▒·▒▒
······▒ ▒·▒·▒▒▒▒▒···▒ ▒···
·▒▒▒▒▒▒ ▒·▒·▒ ▒▒··▒ ▒▒▒▒ ·▒ ▒c▒·▒
▒··▒ ·▒ ▒·▒·▒ ▒▒·▒


You could see a centaur warrior.

Vanquished Creatures
  Jorgrun (D:13)
  Kirke (D:12)
  Gastronok (D:8)
  Erolcha (D:9)
  2 centaur warriors (D:13)
  A catoblepas (D:13)
  A two-headed ogre (D:11)
  A death knight (D:12)
  A phantasmal warrior (D:13)
  Pikel (D:5)
  2 ugly things
  A cyclops (D:13)
  3 manticores
  A gargoyle (D:12)
  A kobold demonologist (D:10)
  3 unseen horrors
  A freezing wraith (D:13)
  A troll (D:9)
  Grinder (D:5)
  Prince Ribbit (D:6)
  A redback (shapeshifter) (D:13)
  2 shadows
  2 wyverns
  3 yaks
  6 wraiths
  Eustachio (D:6)
  3 hogs (D:12)
  A basilisk (D:11)
  5 vampire mosquitoes
  A steam dragon (D:9)
  Menkaure (D:6)
  2 water moccasins (D:7)
  An acid dragon (D:8)
  A sky beast (D:8)
  6 orc warriors
  An ice beast (D:5)
  2 black bears
  2 wolves (D:9)
  3 necrophages
  3 ogres
  5 centaurs
  A lemure (D:4)
  22 kobold brigands
  3 bullfrogs
  2 scorpions
  2 wyvern skeletons
  A water moccasin skeleton (D:4)
  8 killer bees
  3 wights (D:8)
  2 howler monkeys
  A bullfrog zombie (D:5)
  A centaur zombie (D:9)
  2 jellies (D:8)
  10 hounds
  7 orc priests
  A bullfrog skeleton (D:7)
  A gnoll shaman (D:7)
  2 iguanas
  7 orc wizards
  A scorpion zombie (D:4)
  3 killer bee zombies
  3 gnolls (D:7)
  8 adders
  4 river rats (Sewer)
  An adder skeleton (D:4)
  A worm (D:3)
  3 dart slugs
  33 orcs
  15 ball pythons
  9 bats
  4 endoplasms
  7 giant cockroaches
  10 goblins
  4 hobgoblins
  10 jackals
  4 quokkas
  5 frilled lizards
  23 kobolds
  A quokka skeleton (D:4)
  12 rats
315 creatures vanquished.

Vanquished Creatures (others)
  A wizard (D:11)
  A human (D:12)
2 creatures vanquished.

Grand Total: 317 creatures vanquished

Notes
Turn   | Place    | Note
-------+----------+-------------------------------------------
     0 | D:1      | Azzok the Demonspawn Berserker began the quest for the Orb.
     0 | D:1      | Reached XP level 1. HP: 18/18 MP: 1/1
    68 | D:1      | Reached skill level 3 in Axes
    77 | D:1      | Gained mutation: You regenerate a little health from kills.
                  | [demonic ancestry]
    77 | D:1      | Reached XP level 2. HP: 11/24 MP: 2/2
   603 | D:1      | Reached ** piety under Trog
   762 | D:1      | Found a faded altar of an unknown god.
   791 | D:1      | Reached XP level 3. HP: 29/29 MP: 3/3
  1070 | D:2      | Reached skill level 4 in Axes
  1596 | D:2      | Gained mutation: When seriously injured, your bleeding
                  | wounds create armour. (AC +9) [demonic ancestry]
  1596 | D:2      | Reached XP level 4. HP: 28/35 MP: 4/4
  1756 | D:2      | Noticed a centaur
  1766 | D:2      | Killed a centaur
  1767 | D:2      | Reached skill level 5 in Axes
  1767 | D:2      | Reached XP level 5. HP: 38/41 MP: 5/5
  3793 | D:4      | Reached *** piety under Trog
  3794 | D:4      | Reached skill level 6 in Axes
  3814 | D:4      | Found a staircase to the Ecumenical Temple.
  3867 | D:4      | Found a runed translucent door.
  3867 | D:4      | Noticed st0uf's ghost (amateur DrTm)
  3906 | D:4      | Gained mutation: You regenerate health from kills. [demonic
                  | ancestry]
  3906 | D:4      | Reached XP level 6. HP: 33/47 MP: 6/6
  4696 | D:5      | Entered Level 5 of the Dungeon
  4709 | D:5      | Reached skill level 7 in Axes
  4865 | D:5      | Noticed an ice beast
  4881 | D:5      | Killed an ice beast
  4882 | D:5      | Gained mutation: You have a pair of small horns on your
                  | head. [demonic ancestry]
  4882 | D:5      | Reached XP level 7. HP: 37/52 MP: 7/7
  5173 | D:5      | Reached skill level 8 in Axes
  5185 | D:5      | Noticed Pikel
  5283 | D:5      | Killed Pikel
  5284 | D:5      | Reached skill level 9 in Axes
  5284 | D:5      | Gained mutation: You are partially covered in sharp spines.
                  | [demonic ancestry]
  5284 | D:5      | Reached XP level 8. HP: 41/58 MP: 8/8
  5426 | D:5      | Noticed Grinder
  5429 | D:5      | Paralysed by Grinder for 4 turns
  5436 | D:5      | Paralysed by Grinder for 7 turns
  5458 | D:5      | Killed Grinder
  5764 | D:6      | Found a hide-covered altar of Uskayaw.
  5814 | D:6      | Reached skill level 10 in Axes
  5865 | D:6      | Found a glowing drain.
  5977 | Sewer    | Entered a sewer
  6141 | Sewer    | Reached **** piety under Trog
  6403 | D:6      | Noticed Menkaure
  6413 | D:6      | Killed Menkaure
  6491 | D:6      | Noticed Prince Ribbit
  6504 | D:6      | Killed Prince Ribbit
  6505 | D:6      | Reached skill level 11 in Axes
  6505 | D:6      | Gained mutation: You have a pair of horns on your head.
                  | [demonic ancestry]
  6505 | D:6      | Reached XP level 9. HP: 54/63 MP: 9/9
  6583 | D:6      | You fall into a shaft and drop 2 floors!
  6972 | D:6      | Noticed Eustachio
  7116 | D:6      | Killed Eustachio
  7163 | D:6      | Found a large runed translucent door.
  7164 | D:6      | Found a large runed translucent door.
  7181 | D:6      | Found an opulent altar of Gozag.
  7384 | D:6      | Found an ancient bone altar of Kikubaaqudgha.
  7468 | D:7      | Reached skill level 12 in Axes
  8432 | D:8      | Reached skill level 13 in Axes
  8600 | D:8      | Noticed Gastronok
  8626 | D:8      | Killed Gastronok
  8627 | D:8      | Gained mutation: When seriously injured, your bleeding
                  | wounds create thick armour. (AC +9) [demonic ancestry]
  8627 | D:8      | Reached XP level 10. HP: 38/70 MP: 10/10
  8650 | D:8      | Reached skill level 14 in Axes
  8797 | D:8      | You fall into a shaft and drop 3 floors!
  8809 | D:10     | Entered Level 10 of the Dungeon
  8945 | D:11     | Reached ***** piety under Trog
  9395 | D:10     | Reached skill level 1 in Shields
  9781 | D:10     | Found a runed translucent gate.
  9781 | D:10     | Found a runed translucent gate.
  9782 | D:10     | Found a runed translucent gate.
  9783 | D:10     | Noticed a cyan ugly thing
  9783 | D:10     | Noticed a cyan ugly thing
  9784 | D:10     | Noticed a red ugly thing
  9785 | D:10     | Noticed a green ugly thing
  9785 | D:10     | Noticed a red ugly thing
 10028 | D:10     | Reached XP level 11. HP: 75/75 MP: 11/11
 10041 | D:10     | Noticed a soul eater
 10077 | D:10     | Found the +5 scythe "Finisher" {speed, eviscerate}
 10397 | D:9      | Found a staircase to the Lair.
 10470 | D:9      | Reached skill level 15 in Axes
 10575 | D:9      | Noticed Erolcha
 10586 | D:9      | Killed Erolcha
 10748 | D:9      | Found a staircase to the Orcish Mines.
 11008 | D:8      | Identified the +0 robe "Iriah" {Harm Rampage rF+}
 11102 | D:8      | Received a gift from Trog
 11217 | D:8      | Noticed a cyan ugly thing
 11233 | D:8      | Killed a cyan ugly thing
 11664 | D:11     | Noticed a two-headed ogre
 12152 | D:11     | Killed a two-headed ogre
 12256 | D:11     | Reached skill level 16 in Axes
 13106 | D:12     | Noticed a wizard
 13127 | D:11     | Cast into level 2 of the Abyss (a wizard)
 13127 | Abyss:2  | Found a corrupted altar of Lugonu.
 13134 | D:11     | Escaped the Abyss
 13140 | D:11     | Killed a wizard
 13464 | D:12     | Noticed Kirke
 13469 | D:12     | Noticed a lindwurm
 13470 | D:12     | Noticed a death knight
 13483 | D:12     | Killed Kirke
 13484 | D:12     | Reached XP level 12. HP: 81/81 MP: 12/12
 13490 | D:12     | Killed a death knight
 13775 | D:12     | Reached skill level 17 in Axes
 14337 | D:12     | Upgraded the game from 0.27-a0-1149-g4505690ab0 to
                  | 0.27-a0-1154-gfdeffcb720
 14397 | D:13     | Noticed Jorgrun
 14414 | D:13     | Killed Jorgrun
 14592 | D:13     | Noticed a centaur warrior
 14601 | D:13     | Killed a centaur warrior
 14959 | D:13     | Noticed a catoblepas
 14970 | D:13     | Received a gift from Trog
 14988 | D:13     | Killed a catoblepas
 15011 | D:13     | Reached skill level 18 in Axes
 15096 | D:13     | Noticed a centaur warrior
 15108 | D:13     | Killed a centaur warrior
 15505 | D:13     | Noticed a death knight
 15930 | D:13     | Noticed Urug
 15930 | D:13     | Noticed a centaur warrior
 15956 | D:13     | Shot with an arrow by a centaur warrior

Illustrated notes

Levels and vault maps discovered:
D:1:      lightli_arrival_farm, layout_basic,
          shapermc_ecumenical_altar_notcrosses
D:2:      layout_basic
D:3:      layout_loops_corners
D:4:      layout_basic, minmay_temple_entry_wispy, serial_glass,
          glass_columns_a, glass_columns_b, glass_columns_a, glass_columns_c,
          glass_columns_b, glass_columns_c, item_on_display_a,
          gammafunk_ghost_grave, minmay_cupped
D:5:      layout_gridville, uniq_grinder, uniq_pikel
D:6:      layout_basic, lemuel_round_altar, grunt_gozag_breadcrumbs,
          jmf_multi_god_temple2, gup_sewer_entry_glass, minmay_misc_feat_square,
          uniq_prince_ribbit1, uniq_eustachio, uniq_menkaure
D:7:      layout_gridville
D:8:      minmay_curly_fans, layout_basic, serial_glass, glass_columns_a,
          glass_columns_b, serial_park_tiny_2, uniq_gastronok
D:9:      layout_rooms, erik_lair_island, orc_0_dummy, kennysheep_donut,
          uniq_erolcha
D:10:     layout_roguey [special_room_kobold],
          ploomutoo_gammafunk_ghost_potion_laboratory, hex_intersection,
          grunt_ogre_cave, minmay_guarded_unrand_finisher
D:11:     layout_loops_cross, grunt_ministairs_1
D:12:     layout_cave_pools, uniq_kirke
D:13:     layout_basic, uniq_jorgrun, uniq_urug

Skill      XL: |  1  2  3  4  5  6  7  8  9 10 11 12 |
---------------+-------------------------------------+-----
Axes           | 3 4 5 6 7 9 11 13 14 16 18 | 18.2
Shields        | 3 4 |  4.0
Fighting       | |  3.0
Armour         | |  1.7
Dodging        | |  1.7

Action                   |  1- 3 |  4- 6 |  7- 9 | 10-12 || total
-------------------------+-------+-------+-------+-------++-------
Melee: Hand axe          |   143 |   123 |    48 |       ||   314
       Dagger            |       |    40 |       |       ||    40
       Headbutt          |       |       |    41 |   118 ||   159
       War axe           |       |       |   186 |   455 ||   641
       Whip              |       |       |    18 |       ||    18
       Broad axe         |       |       |       |    42 ||    42
Invok: Berserk           |     1 |     4 |     7 |    12 ||    24
       Trog's Hand       |       |       |       |     1 ||     1
  Use: Scroll            |       |       |     7 |    11 ||    18
Armor: Ring mail         |    64 |    26 |       |       ||    90
       Chain mail        |       |    64 |   113 |       ||   177
       Plate armour      |       |       |     6 |   315 ||   321
Dodge: Dodged            |   132 |    76 |   105 |   224 ||   537
Block: Buckler           |       |       |       |    48 ||    48

Table legend: (Time is in decaauts)
 A = Elapsed time spent in this place.
 B = Non-inter-level travel time spent in this place.
 C = Inter-level travel time spent in this place.
 D = Time resting spent in this place.
 E = Time spent auto-exploring this place.
 F = Levels seen in this place.
 G = Mean time per level.
                   A        B        C        D        E       F      G
               +--------+--------+--------+--------+--------+-----+--------+
         Total |  16200 |  15718 |    482 |   2447 |  10728 |  15 | 1080.0 |
       Dungeon |  15905 |  15423 |    482 |   2447 |  10551 |  13 | 1223.5 |
         Abyss |      8 |      8 |      0 |      0 |      0 |   1 |    8.0 |
         Sewer |    287 |    287 |      0 |      0 |    177 |   1 |  287.0 |
               +--------+--------+--------+--------+--------+-----+--------+

Top non-repeatable levels by time:
    D:11: 1717 daAuts
    D:10: 1641 daAuts
    D:13: 1625 daAuts
     D:2: 1558 daAuts
     D:7: 1355 daAuts
     D:4: 1152 daAuts
     D:6: 1118 daAuts
     D:1: 1093 daAuts
     D:5: 1081 daAuts
     D:3: 1036 daAuts
     D:8: 959 daAuts
    D:12: 926 daAuts
     D:9: 639 daAuts
   Sewer: 287 daAuts
 Abyss:2: 8 daAuts
